 Dungeon Crawl Stone Soup version 0.19.5 (webtiles) character file.

40525 Mesmaeker13 the Protected (level 14, -8/92 HPs)
             Began as a Gargoyle Gladiator on Apr 10, 2017.
             Was a High Priest of Zin.
             Mangled by a catoblepas (19 damage)
             ... on level 6 of the Lair of Beasts.
             The game lasted 00:51:22 (20747 turns).

Mesmaeker13 the Protected (Gargoyle Gladiator)     Turns: 20747, Time: 00:51:22

Health: -8/92      AC: 34    Str: 25    XL:     14   Next: 11%
Magic:  19/19      EV: 10    Int:  9    God:    Zin [*****.]
Gold:   864        SH:  0    Dex: 12    Spells: 0 memorised, 13 levels left

rFire  + . .     SeeInvis .     O - +1 executioner's axe
rCold  . . .     Gourm    .     y - +2 chain mail {rF+}
rNeg   + + .     Faith    .     (shield currently unavailable)
rPois  ∞         Spirit   .     W - +1 helmet
rElec  +         Reflect  .     d - +2 cloak {MR+}
rCorr  .         Harm     .     m - +0 pair of gloves
MR     ++...                    Z - +0 pair of boots
Stlth  ..........               b - amulet of rage
                                u - ring of positive energy
                                k - +3 ring of strength

@: no status effects
A: big wings, negative energy resistance 1, electricity resistance, unbreathing,
petrification resistance, rot immunity, AC +9
a: Fly, Recite, Vitalisation, Imprison, Sanctuary, Donate Gold, Renounce
Religion, Evoke Berserk Rage


You were on level 6 of the Lair of Beasts.
You worshipped Zin.
Zin was extremely pleased with you.
You were not hungry.

You visited 3 branches of the dungeon, and saw 17 of its levels.

You collected 1257 gold pieces.
You spent 116 gold pieces at shops.
You donated 277 gold pieces to Zin.

Inventory:

Hand Weapons
 i - the +5 morningstar of a treasure trove {venom, MP+9}
   (You found it on level 1 of the Lair of Beasts)

   It poisons the flesh of those it strikes.
   It affects your magic capacity (+9).
 O - a +1 executioner's axe (weapon)
Missiles
 c - 11 javelins (quivered)
 q - 15 tomahawks
Armour
 d - a +2 cloak of magic resistance (worn)
 m - a +0 pair of gloves (worn)
 y - a +2 chain mail of fire resistance (worn)
 S - a +2 chain mail of cold resistance
 W - a +1 helmet (worn)
 Z - a +0 pair of boots (worn)
Jewellery
 b - an amulet of rage (around neck)
 g - an uncursed ring of resist corrosion {unknown}
 k - a +3 ring of strength (left hand)
 p - an uncursed amulet of faith
 u - a ring of positive energy (right hand)
 B - an uncursed ring of fire
 C - an uncursed ring of magical power
 J - an uncursed ring of stealth {unknown}
 T - an uncursed ring of flight {unknown}
Wands
 a - a wand of disintegration (8/24)
 E - a wand of digging (14/24)
 F - a wand of teleportation (4/9)
Scrolls
 e - 3 scrolls of immolation
 h - 3 scrolls of fog
 j - 6 scrolls of remove curse
 l - 4 scrolls of blinking
 t - 2 scrolls of amnesia
 G - 2 scrolls of fear
 N - 2 scrolls of enchant armour
Potions
 o - 3 potions of agility
 s - a potion of cancellation
 w - a potion of magic {unknown}
 z - 4 potions of brilliance
 A - a potion of resistance
 D - 2 potions of haste
 I - a potion of cure mutation
 L - a potion of curing
 P - a potion of invisibility
 Q - a potion of berserk rage
 V - a potion of mutation {unknown}
Comestibles
 f - 6 bread rations
 n - 10 fruits
 r - a royal jelly
 v - 3 meat rations
 x - 2 slices of pizza
 H - 7 chunks of flesh


   Skills:
 - Level 12.4 Fighting
 + Level 12.5 Axes
 - Level 1.7 Throwing
 + Level 14.3 Armour
 - Level 2.5 Dodging
 - Level 7.0 Invocations
 - Level 6.0 Evocations


You had 13 spell levels left.
You didn't know any spells.

Dungeon Overview and Level Annotations

Branches:
Dungeon (10/15)            Temple (1/1) D:5            Lair (6/6) D:10
 Shoals (0/4) Lair:3        Snake (0/4) Lair:2        Slime (0/5) Lair:5
    Orc (0/2) D:10

Altars:
Ashenzari
Cheibriados
Dithmenos
Elyvilon
Fedhas
Gozag
Hepliaklqana
Kikubaaqudgha
Makhleb
Nemelex Xobeh
Okawaru
Qazlal
Ru
Sif Muna
Trog
Uskayaw
Vehumet
Xom
Yredelemnul
Zin
The Shining One

Shops:
D:6 *

Annotations:
Lair:4 exclusion: oklob plant
Lair:5 exclusion: oklob plant


Innate Abilities, Weirdness & Mutations

You are resistant to torment.
Your stone body is resilient. (AC +9)
You are immune to poison.
Your large and strong wings let you fly indefinitely.
You resist negative energy. (rN+)
You are resistant to electric shocks. (rElec)
You can survive without breathing.
You are immune to petrification.
You are immune to rotting.


Message History

You are too injured to fight recklessly!
You are too injured to fight recklessly!
You are too injured to fight recklessly!
You are too injured to fight recklessly!
You hit the catoblepas but do no damage.
The catoblepas is almost dead.
You slash the plant!
The catoblepas gores you but does no damage.
You hit the catoblepas but do no damage.
The catoblepas is almost dead.
You slash the plant!
The catoblepas gores you but does no damage. x2
You barely miss the catoblepas.
The catoblepas is almost dead.
You hit the plant but do no damage. The catoblepas gores you!
* * * LOW HITPOINT WARNING * * *
You barely miss the catoblepas.
The catoblepas is almost dead.
You hit the plant. The catoblepas gores you!!
You die...

# #.#
##...########
#.P.YYY@....###
###
#....†##P..P..##
#.. ##...÷
##.....P## ###
#.#÷. ###.....#
# #. #..
###...## ## #.
#.. #....## ###P
. ...
##.÷..###P.. ...
#.....#....
#...P.#....


You could see 2 death yaks and a catoblepas.

Vanquished Creatures
  The ghost of dxctxrx the Destroyer, a journeyman OpCj of Vehumet (Lair:5)
  3 hydras
  Erica (D:10)
  Harold (Lair:4)
  Erolcha (D:10)
  A catoblepas (Lair:3)
  A centaur warrior (D:10)
  A death yak (Lair:6)
  A wolf spider zombie (D:10)
  Pikel (D:8)
  A black mamba (Lair:6)
  Joseph (D:8)
  A centaur zombie (D:10)
  A guardian serpent (D:10)
  26 elephants
  9 spiny frogs
  2 gargoyles (D:10)
  7 komodo dragons
  A rime drake (Lair:6)
  A troll (D:8)
  2 two-headed ogres
  4 blink frogs (Lair:2)
  4 dream sheep (Lair:6)
  5 hippogriffs
  2 spriggans
  18 yaks
  A wyvern (Lair:4)
  3 hungry ghosts
  Grum (D:8)
  5 vampire mosquitoes (Lair:6)
  2 basilisks
  2 insubstantial wisps (Lair:6)
  Edmund (D:6)
  2 nagas (Lair:2)
  14 water moccasins
  8 porcupines
  Duvessa (D:6)
  A hornet zombie (D:9)
  6 ice beasts
  A sky beast (D:10)
  A slave (D:8)
  2 phantoms (D:7)
  A black bear (D:9)
  4 ogres
  7 wolves
  5 centaurs
  13 crocodiles
  A big kobold (D:8)
  20 bullfrogs
  Dowan (D:6)
  5 scorpions (D:9)
  A water moccasin skeleton (D:9)
  5 wyvern skeletons
  6 killer bees (D:9)
  3 wights (D:7)
  5 electric eels (D:10)
  3 howler monkeys (D:7)
  7 crimson imps
  A quasit (D:9)
  6 orc priests
  6 orc wizards
  5 hounds
  A bullfrog skeleton (D:6)
  A centaur skeleton (D:5)
  Crazy Yiuf (D:3)
  2 iguanas (D:8)
  2 hell rats (Lair:1)
  12 worker ants
  A mummy (D:8)
  10 adders
  11 river rats (Lair:1)
  A shadow imp (D:9)
  An ooze (D:6)
  3 adder skeletons
  An adder zombie (D:5)
  2 worms
  4 dart slugs
  2 leopard geckos
  29 orcs
  A ball python (D:1)
  5 giant cockroaches
  6 goblins
  4 hobgoblins
  8 jackals
  8 kobolds
  3 quokkas
  12 bats
  6 frilled lizards
  A leopard gecko zombie (D:6)
  A quokka skeleton (D:5)
  6 rats
  3 fungi
  2 plants
403 creatures vanquished.

Vanquished Creatures (others)
  A wizard (D:6)
  A phantom (D:8)
  2 slaves (D:8)
  A jelly (D:8)
  A hound (D:8)
  An orc priest (D:8)
  2 orc wizards
  3 orcs
  A quokka (D:8)
  83 fungi
  21 plants
117 creatures vanquished.

Grand Total: 520 creatures vanquished

Notes
Turn   | Place    | Note
-------+----------+-------------------------------------------
     0 | D:1      | Mesmaeker13 the Gargoyle Gladiator began the quest for the Orb.
     0 | D:1      | Reached XP level 1. HP: 12/12 MP: 1/1
    82 | D:1      | Reached XP level 2. HP: 9/18 MP: 2/2
   249 | D:1      | Reached skill level 1 in Armour
   679 | D:1      | Reached XP level 3. HP: 22/22 MP: 3/3
  1587 | D:3      | Noticed an ogre
  1596 | D:3      | Killed an ogre
  1596 | D:3      | Reached skill level 2 in Armour
  1596 | D:3      | Reached XP level 4. HP: 14/29 MP: 4/4
  1596 | D:3      | Reached XP level 5. HP: 16/33 MP: 5/5
  2115 | D:3      | Found a basalt altar of Yredelemnul.
  2320 | D:3      | Found a runed door.
  2402 | D:3      | Noticed Crazy Yiuf
  2409 | D:3      | Killed Crazy Yiuf
  2409 | D:3      | Reached skill level 3 in Armour
  2568 | D:4      | Reached XP level 6. HP: 30/38 MP: 6/6
  3355 | D:5      | Entered Level 5 of the Dungeon
  3372 | D:5      | Reached skill level 4 in Armour
  3425 | D:5      | Reached XP level 7. HP: 34/44 MP: 7/7
  3589 | D:5      | Reached skill level 5 in Fighting
  3614 | D:5      | Found a staircase to the Ecumenical Temple.
  3638 | Temple   | Entered the Ecumenical Temple
  4014 | D:5      | Found a radiant altar of Vehumet.
  4123 | D:5      | Found an iron altar of Okawaru.
  4169 | D:5      | Reached skill level 5 in Axes
  4545 | D:6      | Reached skill level 5 in Armour
  4587 | D:6      | Reached skill level 1 in Evocations
  4644 | D:6      | Reached XP level 8. HP: 48/50 MP: 8/8
  4690 | D:6      | Noticed Edmund
  4749 | D:6      | Killed Edmund
  4907 | D:6      | Found Huantup's Assorted Antiques.
  4915 | D:6      | Bought a scroll of identify for 58 gold pieces
  4915 | D:6      | Bought a scroll of identify for 58 gold pieces
  4936 | D:6      | Noticed Dowan
  4939 | D:6      | Noticed Duvessa
  4949 | D:6      | Killed Duvessa
  4949 | D:6      | Killed Dowan
  4969 | D:6      | Found a bloodstained altar of Trog.
  4970 | D:6      | Noticed a wizard
  4976 | D:6      | Killed a wizard
  5028 | D:6      | Reached skill level 6 in Armour
  5197 | D:6      | Found a hazy altar of Hepliaklqana.
  5421 | D:7      | Reached XP level 9. HP: 55/56 MP: 11/11
  5585 | D:7      | Identified a -2 rod of inaccuracy (13/13) (You found it on level 6 of the Dungeon)
  5941 | D:8      | Noticed Pikel
  5968 | D:8      | Killed Pikel
  5968 | D:8      | Reached skill level 7 in Armour
  5975 | D:8      | Found a snail-covered altar of Cheibriados.
  6422 | D:8      | Noticed Grum
  6895 | D:8      | Killed Grum
  6914 | D:8      | Noticed a troll
  6961 | D:8      | Reached skill level 5 in Evocations
  6961 | D:8      | Reached XP level 10. HP: 23/64 MP: 13/13
  7198 | D:8      | Noticed Joseph
  7217 | D:8      | Killed Joseph
  7217 | D:8      | Reached skill level 8 in Armour
  7885 | D:9      | Found a sacrificial altar of Ru.
  8052 | D:9      | Found a stormy altar of Qazlal.
  8314 | D:9      | Found a glowing golden altar of the Shining One.
  8314 | D:9      | Found a white marble altar of Elyvilon.
  8314 | D:9      | Found a glowing silver altar of Zin.
  8318 | D:9      | Became a worshipper of Zin the Law-Giver
  8318 | D:9      | Reached * piety under Zin
  8369 | D:9      | Donated 163 gold pieces to Zin
  8378 | D:9      | Reached ** piety under Zin
  8518 | D:9      | Found a shattered altar of Ashenzari.
  8597 | D:9      | Reached skill level 1 in Invocations
  8702 | D:9      | Found a burning altar of Makhleb.
  8868 | D:9      | Reached skill level 9 in Armour
  9095 | D:10     | Entered Level 10 of the Dungeon
  9219 | D:10     | Found a staircase to the Lair.
  9231 | D:10     | Reached XP level 11. HP: 71/72 MP: 15/15
  9411 | D:10     | Reached *** piety under Zin
  9513 | D:10     | Found a staircase to the Orcish Mines.
  9517 | D:10     | Noticed a centaur warrior
  9550 | D:10     | Killed a centaur warrior
  9550 | D:10     | Reached skill level 10 in Fighting
  9883 | D:10     | Noticed Erolcha
  9938 | D:10     | Killed Erolcha
 10135 | D:10     | Noticed Erica
 10154 | D:10     | Killed Erica
 10154 | D:10     | Reached skill level 10 in Armour
 10243 | D:10     | Reached skill level 5 in Invocations
 11038 | Lair:1   | Entered Level 1 of the Lair of Beasts
 11063 | Lair:1   | Noticed a six-headed hydra
 11083 | D:10     | Killed a six-headed hydra
 11137 | Lair:1   | Got a crystal morningstar
 11146 | Lair:1   | Reached **** piety under Zin
 11332 | Lair:1   | Reached XP level 12. HP: 75/79 MP: 16/16
 11941 | Lair:2   | Found a staircase to the Snake Pit.
 12249 | Lair:2   | Reached skill level 11 in Armour
 12366 | Lair:2   | Identified the +5 morningstar of a treasure trove {venom, MP+9} (You found it on level 1 of the Lair of Beasts)
 12468 | Lair:2   | Noticed a six-headed hydra
 13052 | Lair:1   | Killed a six-headed hydra
 13052 | Lair:1   | Reached skill level 10 in Axes
 13780 | Lair:2   | Noticed a dire elephant
 14516 | Lair:2   | Reached skill level 12 in Armour
 14516 | Lair:2   | Reached XP level 13. HP: 81/86 MP: 18/18
 14725 | Lair:1   | HP: 4/86 [dire elephant (15)]
 15579 | Lair:3   | Found a staircase to the Shoals.
 16014 | Lair:3   | Reached ***** piety under Zin
 16992 | Lair:4   | Noticed Harold
 17006 | Lair:4   | Killed Harold
 17156 | Lair:4   | Reached skill level 13 in Armour
 17163 | Lair:4   | Found a shimmering altar of Xom.
 17597 | Lair:5   | Noticed dxctxrx's ghost (journeyman OpCj)
 17648 | Lair:5   | Zin protects you from harm!
 17650 | Lair:5   | Killed dxctxrx's ghost
 18556 | Lair:5   | Found a staircase to the Slime Pits.
 19292 | Lair:6   | Entered Level 6 of the Lair of Beasts
 20216 | Lair:6   | Reached skill level 14 in Armour
 20282 | Lair:6   | Gained mutation: Your large and strong wings let you fly indefinitely. [Gargoyle growth]
 20282 | Lair:6   | Reached XP level 14. HP: 85/92 MP: 19/19
 20747 | Lair:6   | Mangled by a catoblepas

Skill      XL: |  1  2  3  4  5  6  7  8  9 10 11 12 13 |
---------------+----------------------------------------+-----
Armour         | 1 2 3 4 5 6 7 9 10 12 14 | 14.3
Axes           | 3 4 5 6 7 8 9 10 12 | 12.5
Fighting       | 3 4 5 6 8 9 10 12 | 12.4
Evocations     | 1 3 5 6 |  6.0
Invocations    | 2 5 7 |  7.0
Throwing       | |  1.7
Dodging        | |  2.5

Action                   |  1- 3 |  4- 6 |  7- 9 | 10-12 | 13-15 || total
-------------------------+-------+-------+-------+-------+-------++-------
Melee: War axe           |   115 |   155 |   411 |   923 |    43 ||  1647
       Unarmed           |       |       |     4 |       |       ||     4
       Morningstar       |       |       |       |     8 |     5 ||    13
       Executioner's axe |       |       |       |       |   462 ||   462
Throw: Throwing net      |     1 |     4 |       |       |       ||     5
       Tomahawk          |       |     3 |     8 |       |       ||    11
       Javelin           |       |       |       |     7 |     3 ||    10
Invok: Donate Gold       |       |       |       |     1 |       ||     1
       Vitalisation      |       |       |       |     2 |     2 ||     4
       Recite            |       |       |       |     2 |     1 ||     3
 Abil: Evoke Berserk Rag |       |       |       |       |     2 ||     2
Evoke: Wand              |       |     1 |    15 |    17 |     3 ||    36
  Use: Scroll            |     3 |       |    11 |    10 |    17 ||    41
       Potion            |       |       |     2 |     1 |     3 ||     6
 Stab: Paralysed         |       |       |     4 |    14 |       ||    18
       Held in net/web   |       |       |       |     1 |       ||     1
       Invisible         |       |       |       |     1 |       ||     1
       Petrified         |       |       |       |       |     6 ||     6
  Eat: Chunk             |     2 |     6 |    12 |    13 |    15 ||    48
       Bread ration      |       |       |     1 |     4 |     2 ||     7
       Beef jerky        |       |       |       |     1 |       ||     1
Armor: Leather armour    |    41 |       |       |       |       ||    41
       Chain mail        |    33 |   106 |   338 |   891 |   605 ||  1973
       Skin              |       |       |     1 |       |       ||     1
Dodge: Dodged            |    80 |    71 |   252 |   515 |   339 ||  1257
